MingLee, neutral male gnomish Wizard --- ------------------ -------- |.+ |..|..%....%.%|..| |..-....* -.| |..|..|[...|..|..| |..|...|# ----------- |.----|-----....----G--.-----...|# |.........| ...................oG[G.........|# |<........| |.-|-----.--.......-G----|---...|# ##-.........| ..|..|..|..|......{|....|...|...|### # # --------.-- |.|..|..|..|.......|....|%%%|...| # ### # |.----|-----.......|..@.|%%%|...| ###### ### ..............{....|....|%%!|...| ### # # |.-------.-------.----------|...| ##### ## |.|.*?)|...|(((.-.+ |.(..|...| # #----|--- |.-.%()|...|(((.|.| |(](.-...| ####-......| |.|.%)?|...|(((.|.| |(]..|.... # |......| ..---------------.-----------...| ##.......| |...............................| -------- --------------------------------- MingLee the Thaumaturge Experience level: 6 Strength: 15 Dexterity: 12 Constitution: 13 Intelligence: 19 Wisdom: 9 Charisma: 8 Health: 0(36) Energy: 38(57) Def: 11 Gold: 201 Moves: 3381 Dungeon seed: iyobq_RVh_PiD4No Game ID: MingLee_1463145381 Your Inventory: Coins $ - 201 gold pieces Weapons a - a blessed +1 quarterstaff (weapon in hands) v - an uncursed +0 elven dagger (in quiver) Armor e - an uncursed +0 cloak of magic resistance (being worn) n - an uncursed +0 pair of leather gloves (being worn) z - a blessed greased +0 silver dragon scale mail (being worn) Comestibles p - an uncursed food ration Scrolls i - an uncursed scroll of magic mapping l - an uncursed scroll of destroy armor q - an uncursed scroll of punishment B - an uncursed scroll of enchant weapon E - an uncursed scroll of fire L - an uncursed scroll of blank paper Spellbooks H - an uncursed spellbook of restore ability Potions r - a blessed potion of sickness w - 3 potions of holy water Rings c - an uncursed ring of searching d - an uncursed ring of free action F - a cursed ring of aggravate monster Wands b - an uncursed wand of cold (0:4) Tools o - a blessed brass lantern (0:1137) y - an uncursed tinning kit (0:96) G - an uncursed towel I - a blessed oil lamp (0:1463) J - a blessed magic lamp K - an uncursed lock pick Spells and supernatural/magical abilities: Name Level Category Fail Memory a - force bolt 1 attack 0% 84% l - light 1 divination 0% 84% W - pray for help -- divine ? -- Your skills at the end: Fighting Skills Weapon Skills quarterstaff [Basic] Spellcasting Skills attack spells [Basic] enchantment spells [Basic] Final Attributes: You were piously aligned. You were magic-protected. You had infravision. You had reflection. You are dead. Vanquished creatures: a blue jelly 8 Uruk-hai a paper golem a floating eye a kitten a dwarf 2 homunculi a kobold lord 5 hill orcs 5 rothes a rabid rat 5 orc zombies 2 dwarf zombies a werejackal an iguana 3 hobbits 2 large kobolds 4 giant rats a yellow mold a red mold a gnome 8 garter snakes a gecko 12 jackals 2 foxes a goblin 6 sewer rats 15 grid bugs 3 lichens a kobold zombie 6 newts 103 creatures vanquished. Voluntary challenges: You had been an atheist until turn 2092. You used a wielded weapon 118 times, starting on turn 89. You read items or engraved 66 times, starting on turn 1556. You never genocided any monsters. You never polymorphed an object. You never changed form. You used 1 wish, starting on turn 3332. You did not wish for any artifacts. You never split a pudding. You wrote Elbereth's name 55 times, starting on turn 2838. You violated your moral code, losing 20 points of alignment, starting on turn 1540. Dungeon overview: The Dungeons of Doom: levels 1 to 3 Level 1 a fountain a long staircase Level 2 stairs to The Gnomish Mines Level 3 The Gnomish Mines: levels 3 to 6 Level 3 stairs to The Dungeons of Doom Level 4 Level 5 Level 6 <- You were here many shops, a temple to Thoth, some fountains History has recorded: On T:1 you entered the Dungeons of Doom to retrieve the Amulet of Yendor! On T:368 you reached level 2 of The Dungeons of Doom. On T:415 you reached level 3 of The Dungeons of Doom. On T:534 you reached level 1 of The Gnomish Mines. On T:874 you advanced to experience level 2. On T:1090 you advanced to experience level 3. On T:1213 you reached level 2 of The Gnomish Mines. On T:1533 you reached level 3 of The Gnomish Mines. On T:1542 you advanced to experience level 4. On T:1961 you reached level 4 of The Gnomish Mines. On T:2085 you advanced to experience level 5. On T:2914 you advanced to experience level 6. On T:3332 you wished for "blessed greased fixed +3 silver dragon scale mail". Score breakdown: Gold: 201 ( 7842 points) Experience: 6 levels (12456 points) Exploration: 6 levels ( 12.24%) ( 9682 points) Discoveries: 12 items ( 4.15%) ( 6113 points) Valuables value: (no points given unless you survive) Artifact value: 0 ( 0 points) Variety of kills: 31 monsters ( 8.14%) ( 8557 points) Turncount: 3381 turns ( -776 points) Survival: died (score multiplied by 80%) Total score: 35099 Latest messages: The potions of water hit another object. F - a cursed gold ring. o - a blessed brass lantern. K - an uncursed lock pick. I - an uncursed magic lamp. J - an uncursed magic lamp. y - an uncursed tinning kit. G - an uncursed towel. A magic lamp lands on the altar. (2x) The spell misses the hill orc. The hill orc thrusts her crude short sword. The hill orc hits! You die... Final status: Goodbye MingLee the Wizard, killed by a hill orc... You died in The Gnomish Mines on dungeon level 6 with 35099 points, and 201 pieces of gold, after 3381 moves. You were level 6 with a maximum of 36 hit points when you died.